 Dungeon Crawl Stone Soup version 0.19.4-9-g45fd643 (webtiles) character file.

5694 nikopol the Cleaver (level 10, 0/136 HPs)
             Began as a Minotaur Berserker on Feb 20, 2017.
             Was a High Priest of Trog.
             Killed by vampiric draining
             ... invoked by Josephine
              (1 damage)
             ... on level 10 of the Dungeon.
             The game lasted 00:26:40 (9866 turns).

nikopol the Cleaver (Minotaur Berserker)            Turns: 9866, Time: 00:26:40

Health: 0/136      AC: 13    Str: 27    XL:     10   Next: 47%
Magic:  9/9        EV: 13    Int:  4    God:    Trog [*****.]
Gold:   483        SH:  0    Dex: 13    Spells: 0 memorised, 9 levels left

rFire  . . .     SeeInvis +     a - +5 battleaxe (chop)
rCold  . . .     Gourm    .     w - +0 chain mail
rNeg   . . .     Faith    .     (shield currently unavailable)
rPois  .         Spirit   .     (helmet restricted)
rElec  .         Reflect  .     B - +1 cloak
rCorr  .         Harm     .     (no gloves)
MR     .....     Rnd*Tele +     (no boots)
Stlth  ..........               (no amulet)
                                b - ring of teleportation (curse)
                                q - ring of see invisible

@: berserking, lethally poisoned (0 -> -24), slowed
A: retaliatory headbutt, horns 2
a: Berserk, Trog's Hand, Brothers in Arms, Burn Spellbooks, Renounce Religion


You were on level 10 of the Dungeon.
You worshipped Trog.
Trog was extremely pleased with you.
You were very hungry.

You visited 1 branch of the dungeon, and saw 10 of its levels.
You also visited: Ossuary.

You collected 483 gold pieces.

Inventory:

Hand Weapons
 a - a +5 battleaxe of chopping (weapon)
 z - a +0 shortbow
 I - a +0 war axe
Missiles
 y - 32 arrows (quivered)
Armour
 w - a +0 chain mail (worn)
 B - a +1 cloak (worn)
Jewellery
 b - a cursed ring of teleportation (right hand)
 q - a ring of see invisible (left hand)
 P - an uncursed ring of protection from fire
Wands
 s - a wand of iceblast (1/15)
 E - a wand of lightning (7/15)
Scrolls
 f - 4 scrolls of identify
 g - a scroll of fog {unknown}
 n - 5 scrolls of remove curse
 p - 2 scrolls of random uselessness {unknown}
 r - 2 scrolls of fear {unknown}
 t - 3 scrolls of enchant weapon {unknown}
 u - a scroll of recharging {unknown}
 v - 2 scrolls of teleportation {unknown}
 x - 2 scrolls of enchant armour {unknown}
 F - 2 scrolls of immolation {unknown}
 G - a scroll of noise {unknown}
 L - a scroll of blinking {unknown}
Potions
 e - 2 potions of lignification {unknown}
 j - 4 potions of mutation {unknown}
 k - 5 potions of curing {unknown}
 l - 4 potions of heal wounds {unknown}
 m - 2 potions of brilliance {unknown}
 o - 2 potions of invisibility {unknown}
 C - 4 potions of might {unknown}
 D - 2 potions of berserk rage {unknown}
 H - 3 potions of agility {unknown}
 K - 2 potions of flight {unknown}
Comestibles
 c - 3 bread rations
 d - 5 meat rations
 h - a slice of pizza
 i - 3 fruits
 A - 3 chunks of flesh
 O - 2 beef jerkies


   Skills:
 + Level 9.5 Fighting
 * Level 10.1 Axes
 * Level 5.8 Bows
 + Level 8.5 Armour
 + Level 8.4 Dodging


You had 9 spell levels left.
You didn't know any spells.

Dungeon Overview and Level Annotations

Branches:
Dungeon (10/15)            Temple (0/1) D:5             Orc (0/2) D:9
   Lair: D:8-11

Altars:
Ashenzari
Dithmenos
Gozag
Hepliaklqana
Kikubaaqudgha
Makhleb
Nemelex Xobeh
Okawaru
Ru
Sif Muna
Uskayaw
Vehumet

Shops:
D:4 (*:([   D:5 *   D:7 :   D:8 %   D:9 (

Annotations:
D:7 1 runed door
D:10 Josephine


Innate Abilities, Weirdness & Mutations

You reflexively headbutt those who attack you in melee.
You have a pair of horns on your head.


Message History

You slice the wraith!! You slash Josephine!
You hit the wraith but do no damage.
You feel sick. The wraith hits you.
* * * LOW HITPOINT WARNING * * *
The wraith drains your vigour!
You feel as though you will be slow longer.
Josephine hits you but does no damage. The wraith hits you but does no damage.
You barely miss the hornet. You barely miss the wraith.
You closely miss Josephine.
Your chain mail prevents you from hitting the wraith.
* * * LOW HITPOINT WARNING * * *
You feel sick.
The hornet stings you but does no damage.
The wraith hits you.
* * * LOW HITPOINT WARNING * * *
The hornet stings you!
* * * LOW HITPOINT WARNING * * *
You are more poisoned.
You feel as though you will be slow longer.
Josephine is infused with unholy energy.
You die...

#.#+######+##
#......W....#
♣.@@....#
♣≈≈;♣yW....#
≈≈≈≈≈
≈......# ≈≈≈≈
≈P......# ≈≈≈
≈PP♣.....# ≈≈
≈P≈≈ ≈......
P P≈≈.≈
≈.$..#.
≈≈.... ....(#


You could see Josephine, a hornet, 2 wraiths and an electric eel.

Vanquished Creatures
  A tengu conjurer (D:10)
  A two-headed ogre (D:8)
  3 hippogriffs
  2 wraiths (D:10)
  2 wyverns (D:9)
  Grum (D:9)
  A hungry ghost (D:5)
  An ice beast (D:9)
  2 phantoms (D:5)
  An orc warrior (D:7)
  2 necrophages
  4 wolves (D:9)
  3 ogres
  A centaur (D:7)
  A crocodile (D:8)
  A big kobold (D:9)
  A bullfrog (D:8)
  5 water moccasin zombies (Ossuary)
  A wyvern skeleton (D:9)
  2 scorpions (D:4)
  8 wights (D:8)
  2 howler monkeys
  2 vampire bats (D:4)
  4 crimson imps
  4 hounds
  A bullfrog zombie (D:6)
  2 jellies (D:6)
  Crazy Yiuf (D:4)
  3 orc priests (D:9)
  11 orc wizards
  2 iguanas
  Natasha (thrice) (D:3)
  6 worker ants
  A big kobold zombie (Ossuary)
  2 hound skeletons
  2 mummies (Ossuary)
  A worker ant zombie (D:7)
  A howler monkey zombie (D:6)
  Robin (D:4)
  17 adders
  4 gnolls (D:4)
  4 shadow imps
  An ooze (D:4)
  4 adder zombies (Ossuary)
  A worm (D:4)
  2 adder skeletons
  A dart slug (D:2)
  2 leopard geckos
  54 orcs
  3 giant cockroaches (D:4)
  15 goblins
  15 hobgoblins
  7 jackals
  4 quokkas
  A ball python (D:4)
  12 bats
  5 frilled lizards
  3 gnoll zombies (Ossuary)
  A hobgoblin zombie (Ossuary)
  13 kobolds
  2 kobold zombies (Ossuary)
  8 orc zombies (Ossuary)
  5 rats
277 creatures vanquished.

Vanquished Creatures (others)
  5 toadstools (D:1)
5 creatures vanquished.

Grand Total: 282 creatures vanquished

Notes
Turn   | Place    | Note
-------+----------+-------------------------------------------
     0 | D:1      | nikopol the Minotaur Berserker began the quest for the Orb.
     0 | D:1      | Reached XP level 1. HP: 19/19 MP: 0/0
   656 | D:1      | Reached XP level 2. HP: 27/27 MP: 1/1
  1037 | D:2      | Reached XP level 3. HP: 29/33 MP: 2/2
  1066 | D:2      | Reached ** piety under Trog
  1068 | D:2      | Reached skill level 4 in Axes
  1232 | D:2      | Found an opulent altar of Gozag.
  1569 | D:2      | Found an ancient bone altar of Kikubaaqudgha.
  1639 | D:2      | HP: 1/34 [dart slug/slug dart (7)]
  1640 | D:2      | Reached XP level 4. HP: 1/41 MP: 3/3
  1969 | D:2      | HP: 2/41 [poisoned by an adder]
  2731 | D:3      | Noticed Natasha
  2734 | D:3      | Killed Natasha
  2734 | D:3      | Reached XP level 5. HP: 47/47 MP: 4/4
  2823 | D:3      | Noticed Natasha
  2833 | D:3      | Killed Natasha
  2833 | D:3      | Reached skill level 5 in Fighting
  3042 | D:3      | Noticed Natasha
  3048 | D:3      | Killed Natasha
  3313 | D:4      | Found Raddokk's Antique Weapon Shop.
  3322 | D:4      | Reached skill level 5 in Axes
  3327 | D:4      | Found a shadowy altar of Dithmenos.
  3338 | D:3      | Reached *** piety under Trog
  3687 | D:4      | Reached XP level 6. HP: 55/56 MP: 5/5
  3854 | D:4      | Found a radiant altar of Vehumet.
  3873 | D:4      | Found Yfewk's Antique Armour Shoppe.
  3978 | D:4      | Found a runed door.
  3982 | D:4      | Noticed Crazy Yiuf
  3990 | D:4      | Killed Crazy Yiuf
  4141 | D:4      | Noticed Robin
  4150 | D:4      | Killed Robin
  4171 | D:4      | Reached XP level 7. HP: 62/62 MP: 6/6
  4202 | D:4      | Found Tepsi's Weapon Emporium.
  4326 | D:4      | Found Vugew's General Store.
  4351 | D:4      | Found Kimneal's Book Shop.
  4672 | D:4      | Reached skill level 5 in Armour
  4672 | D:4      | Reached skill level 5 in Dodging
  4678 | D:4      | Reached **** piety under Trog
  4678 | D:4      | Reached skill level 6 in Axes
  4846 | D:4      | Found a hazy altar of Hepliaklqana.
  4885 | D:5      | Entered Level 5 of the Dungeon
  4895 | D:5      | Found Luditsie's Assorted Antiques.
  4966 | D:5      | Noticed a hungry ghost
  4981 | D:5      | Killed a hungry ghost
  5106 | D:5      | Found an iron altar of Okawaru.
  5106 | D:5      | Found a deep blue altar of Sif Muna.
  5107 | D:5      | Found a sacrificial altar of Ru.
  5147 | D:5      | Reached XP level 8. HP: 59/71 MP: 7/7
  5398 | D:5      | Found a staircase to the Ecumenical Temple.
  5614 | D:6      | Found a sand-covered staircase.
  5619 | Ossuary  | Entered an ossuary
  5683 | Ossuary  | Reached skill level 7 in Axes
  5872 | D:6      | Reached ***** piety under Trog
  5921 | D:6      | Found a hide-covered altar of Uskayaw.
  5928 | D:6      | Found a sparkling altar of Nemelex Xobeh.
  6058 | D:6      | Received a gift from Trog
  6699 | D:7      | Reached XP level 9. HP: 79/81 MP: 8/8
  6715 | D:7      | Found Nixasouk's Book Emporium.
  7053 | D:7      | Found a runed door.
  7053 | D:7      | Noticed a sixfirhy
  7056 | D:7      | Reached skill level 8 in Axes
  7622 | D:8      | Reached skill level 1 in Bows
  7672 | D:8      | Found a burning altar of Makhleb.
  7974 | D:8      | Found Xiumputt's Food Boutique.
  8008 | D:8      | Reached skill level 9 in Axes
  8253 | D:8      | Found a shattered altar of Ashenzari.
  8736 | D:9      | Reached XP level 10. HP: 8/91 MP: 9/9
  9106 | D:9      | Noticed Grum
  9114 | D:9      | Killed Grum
  9115 | D:9      | Reached skill level 5 in Bows
  9388 | D:9      | Received a gift from Trog
  9505 | D:9      | Found a staircase to the Orcish Mines.
  9801 | D:9      | Found Viubeism's Antique Weapon Boutique.
  9832 | D:10     | Entered Level 10 of the Dungeon
  9846 | D:10     | Noticed a tengu warrior
  9855 | D:10     | Reached skill level 10 in Axes
  9860 | D:10     | Noticed Josephine
  9866 | D:10     | HP: 1/136 [hornet (7)]
  9866 | D:10     | Killed from afar by Josephine

Skill      XL: |  1  2  3  4  5  6  7  8  9 10 |
---------------+-------------------------------+-----
Fighting       | 4 5 6 7 9 |  9.5
Axes           | 4 5 6 7 9 10 | 10.1
Armour         | 3 4 5 7 8 |  8.5
Dodging        | 3 4 5 7 8 |  8.4
Bows           | 4 5 |  5.8

Action                   |  1- 3 |  4- 6 |  7- 9 | 10-12 || total
-------------------------+-------+-------+-------+-------++-------
Melee: Hand axe          |    65 |    44 |       |       ||   109
       Headbutt          |     9 |    20 |    72 |    13 ||   114
       War axe           |       |   112 |   342 |    54 ||   508
       Battleaxe         |       |       |       |    19 ||    19
 Fire: Shortbow          |       |       |   116 |    57 ||   173
Invok: Trog's Hand       |     1 |     1 |       |       ||     2
       Berserk           |       |     1 |     1 |     2 ||     4
  Use: Scroll            |       |       |     3 |       ||     3
  Eat: Chunk             |     3 |     9 |    18 |     5 ||    35
Armor: Animal skin       |     1 |       |       |       ||     1
       Leather armour    |       |    19 |       |       ||    19
       Chain mail        |       |    26 |   183 |    66 ||   275
Dodge: Dodged            |    43 |   106 |   216 |    82 ||   447
